Cogmind - Beta 14 @@@ ROGUE MODE // 2024.09.01 @ 20:13:55 Player: Syanka Result: Self-destructed Performance ------------- Evolutions (4) 2000 Regions Visited (9) 1800 Robots Destroyed (137) 685 Value Destroyed (3814) 3814 Prototype IDs (36) 720 Alien Tech Used (0) 0 Bonus (-379) -379 TOTAL SCORE: 8640 Bonus ------- High Alert Combat Kills 11 Follower Combat Kills 224 Aligned with FarCom 300 Friendly Fire -914 Cogmind --------- Core Integrity 528/850 Matter 90/300 Energy 97/100 System Corruption 5% Temperature Cool (12) Movement Treading (480) Ox4 Location -6/Factory Parts ------- > --- POWER (1) -------- (None) > --- PROPULSION (4) --- Light Treads > --- UTILITY (8) ------ Huge Storage Unit Terrain Scan Processor Improved Salvage Targeting Computer Target Analyzer Transmission Jammer > --- WEAPON (2) ------- YI-UF0's Doublenader Powered Hammer > --- INVENTORY (25) --- Nuclear Core Advanced Heat Sink Improved Cooling System Energy Well (350) YI-UF0's Bottomless Matter Pit (1210) Terrain Scanner Improved Medium Armor Plating Force Field Hacking Suite Improved Hacking Suite System Shield Authchip [Propulsion] High-powered Tractor Beam Lightning Gun Precision Beam Rifle Thermic Laser Coil Gun Advanced EMP Blaster CPS Tube (2) CPS Tube (2) Peak State ------------ > --- POWER ------------ Angular Momentum Engine > --- PROPULSION ------- Armored Treads Medium Treads Armored Huge Wheel > --- UTILITY ---------- Huge Storage Unit Terrain Scan Processor Modified TNC Improved Salvage Targeting Computer Target Analyzer Improved Medium Armor Plating Force Field Drone Bay > --- WEAPON ----------- Enhanced Autogun Enhanced Autogun > --- INVENTORY -------- Nuclear Core Light Treads Light Treads Light Treads Light Treads Light Treads Advanced Heat Sink Energy Well Energy Well YI-UF0's Bottomless Matter Pit Reactive Plating Hacking Suite Improved Hacking Suite Authchip [Propulsion] High-powered Tractor Beam Lightning Gun Precision Beam Rifle Precision Beam Rifle Thermic Laser Coil Gun Advanced EMP Blaster YI-UF0's Doublenader CPS Tube CPS Tube Powered Hammer [Rating: 67] Favorites ----------- Power Light Deuterium Engine Engine Light Deuterium Engine Power Core Nuclear Core Propulsion Wheel Treads Light Treads Wheel Wheel Utility Modified TNC Device Improved Terrain Scanner Storage Huge Storage Unit Processor Modified TNC Hackware Authchip [Propulsion] Protection Light Armor Plating Weapon Enhanced Autogun Energy Gun Medium Laser Energy Cannon Beam Cannon Ballistic Gun Enhanced Autogun Ballistic Cannon Antimatter Cannon Launcher YI-UF0's Doublenader Special Weapon Mining Laser Impact Weapon Hammer Build | -11 -10 -10 -10 -9 -8 -8 -8 -8 -6 ------- Run | Yrd Mat Min Exi Min Mat Sto Rec Scr Fac Slots Evolved 8 | . . . . . 4 . . . 4 Power . | . . . . . . . . . . Propulsion 2 | . . . . . . . . . 2 Utility 6 | . . . . . 4 . . . 2 Weapon . | . . . . . . . . . . Parts Attached 332 | 9 53 14 . 3 103 91 14 13 32 Power 22 | 1 4 . . . 7 8 . 1 1 Engine 18 | 1 4 . . . 6 6 . . 1 Core 4 | . . . . . 1 2 . 1 . Reactor . | . . . . . . . . . . Propulsion 130 | 3 34 3 . 2 38 33 4 4 9 Treads 60 | . 15 2 . . 14 16 2 2 9 Leg . | . . . . . . . . . . Wheel 70 | 3 19 1 . 2 24 17 2 2 . Hover . | . . . . . . . . . . Flight . | . . . . . . . . . . Utility 83 | 2 5 2 . . 26 28 6 4 10 Device 32 | 1 3 1 . . 6 11 3 1 6 Storage 8 | 1 2 1 . . 2 2 . . . Processor 8 | . . . . . 3 2 1 1 1 Hackware 1 | . . . . . . . 1 . . Protection 34 | . . . . . 15 13 1 2 3 Artifact . | . . . . . . . . . . Weapon 97 | 3 10 9 . 1 32 22 4 4 12 Energy Gun 12 | 2 2 1 . . 2 4 . . 1 Energy Cannon 6 | . 2 . . 1 1 . 1 1 . Ballistic Gun 57 | 1 6 6 . . 21 13 2 3 5 Ballistic Cannon 1 | . . . . . . . . . 1 Launcher 5 | . . 2 . . 1 1 . . 1 Special Weapon 2 | . . . . . 2 . . . . Impact Weapon 14 | . . . . . 5 4 1 . 4 Slashing Weapon . | . . . . . . . . . . Piercing Weapon . | . . . . . . . . . . Special Melee Weapon . | . . . . . . . . . . Unidentified Prototypes 13 | . . 2 . . 5 5 . . 1 Corrupted Parts 1 | . . . . . . . 1 . . System Corruption 2 | . . . . . . . 2 . . Parts Lost 31 | . 1 3 . . 12 3 . . 12 Power 2 | . . . . . 1 . . . 1 Propulsion 8 | . . 1 . . 2 . . . 5 Utility 15 | . 1 . . . 7 3 . . 4 Weapon 6 | . . 2 . . 2 . . . 2 Highest Loss Streak 7 | . 1 2 . . 7 1 . . 7 To Critical Strikes 1 | . . . . . . . . . 1 Average Slot Usage (%) 95 | . 99 95 85 97 95 94 96 94 93 Engine 8 | . 14 14 14 14 7 6 9 5 5 Core 1 | . . . . . . 2 . 3 . Treads 5 | . 3 14 14 2 1 4 . . 16 Wheel 15 | . 24 12 14 25 16 13 17 13 4 Device 11 | . 13 13 14 14 8 9 18 16 12 Storage 9 | . 14 14 14 14 9 9 9 9 6 Processor 16 | . . . . . 14 21 23 27 24 Protection 7 | . . . . . 17 8 . 1 6 Ballistic Gun 16 | . 21 22 14 14 15 14 17 17 10 Impact Weapon 1 | . . . . . 1 3 . . . Peak Build Rating 67 | 8 9 20 10 11 38 45 41 50 67 Average Rating 34 | 6 8 10 9 10 32 37 39 44 61 On Entrance 22 | . 8 9 10 10 11 38 45 40 49 Naked Turns . | . . . . . . . . . . Heaviest Build 119 | 13 50 54 47 50 110 119 108 113 119 Greatest Support 90 | 26 40 20 16 20 40 40 20 28 90 Greatest Overweight (x) 16 | . 16 3 2 3 10 11 5 4 4 Average Overweight (x) 3 | . 1 2 2 2 4 5 4 3 3 Largest Inventory Capacity 25 | 8 25 20 20 20 25 25 25 25 25 Average Capacity 23 | 7 19 20 20 20 24 25 25 25 25 Most Carried 25 | 8 20 20 20 20 25 25 25 25 25 Average Carried 22 | 4 15 19 19 19 24 24 24 24 23 Final Capacity 25 | 8 20 20 20 20 25 25 25 25 25 Final Carried 25 | 8 20 20 20 20 25 25 25 23 20 Class Distribution -------------------- 33% | Mutant 20% | Scavenger-Mutant 11% | Scavenger-Skirmisher 10% | Skirmisher 8% | Commander-Skirmisher 6% | Scavenger-Assassin 6% | Commander-Mutant 3% | Assassin Dominant Class ---------------- Mutant | -10/Materials Mutant | -10/Mines Mutant | -10/Exiles Scavenger-Mutant | -9/Mines Mutant | -8/Materials Scavenger-Skirmisher | -8/Storage Skirmisher | -8/Recycling Commander-Skirmisher | -8/Scraptown Mutant | -6/Factory Resources | -11 -10 -10 -10 -9 -8 -8 -8 -8 -6 ----------- Run | Yrd Mat Min Exi Min Mat Sto Rec Scr Fac Matter Collected 7932 | 326 746 252 1250 326 2159 1501 609 135 628 Remotely 825 | . . . . . 825 . . . . Salvage Created 6013 | 160 760 247 . 30 1863 1593 187 . 1173 Parts 346 | 9 47 15 . 4 105 76 10 . 80 Haulers Intercepted 4 | . . . . . 3 1 . . . Recyclers Shooed 9 | . 4 . . . 1 3 1 . . Parts Field Recycled . | . . . . . . . . . . Retrieved Matter . | . . . . . . . . . . Parts Self-Destructed . | . . . . . . . . . . Prevented . | . . . . . . . . . . Kills | -11 -10 -10 -10 -9 -8 -8 -8 -8 -6 ------- Run | Yrd Mat Min Exi Min Mat Sto Rec Scr Fac Combat Hostiles Destroyed 76 | . 14 5 . . 21 21 1 . 14 Melee 1 | . 1 . . . . . . . . Guns 63 | . 12 2 . . 18 21 1 . 9 Cannons 1 | . 1 . . . . . . . . AOE 8 | . . 3 . . 3 . . . 2 Classes Destroyed 15 | 2 4 1 . . 5 . . . 3 Worker 13 | . . 2 . . 7 3 . . 1 Builder 13 | . . . . . 5 1 2 . 5 Tunneler 7 | 5 . . . 2 . . . . . Hauler 4 | . . . . . 3 1 . . . Recycler 17 | 1 4 . . . 6 4 1 . 1 Operator 3 | . 2 . . . 1 . . . . Watcher 3 | . 1 . . . 1 1 . . . Swarmer 12 | . 6 3 . . 3 . . . . Grunt 31 | . 8 2 . . 10 9 . . 2 Brawler 1 | . . . . . 1 . . . . Protector 1 | . . . . . . . . . 1 Sentry 17 | . . . . . 5 10 1 . 1 Specialist 1 | . . . . . . . . . 1 Hunter 11 | . . . . . 2 2 . . 7 Programmer 2 | . . . . . . . . . 2 Best Kill Streak 9 | 4 3 5 . 2 9 5 1 . 6 Combat Bots Only 5 | . 3 3 . . 4 5 1 . 5 Max Kills in Single Turn 3 | 1 1 3 . 1 3 2 1 . 3 Gunslinging . | . . . . . . . . . . Exploded 2 | . . 2 . . 2 . . . 1 Melee 1 | . 1 . . . . . . . . Uniques/NPCs Destroyed 1 | . . 1 . . . . . . . YI-UF0 (-10/Mines) Combat | -11 -10 -10 -10 -9 -8 -8 -8 -8 -6 -------- Run | Yrd Mat Min Exi Min Mat Sto Rec Scr Fac Hostile Shots Fired 669 | . 69 30 . . 163 160 4 . 243 Missed 157 | . 20 7 . . 36 31 . . 63 Damage Taken 7207 | . 514 309 . . 2018 1599 65 . 2702 Core 888 | . 114 57 . . 235 160 . . 322 Absorbed by Shields 163 | . . . . . . 140 . . 23 Redirected to Shielding 133 | . . . . . 133 . . . . Ignored by Resistances 435 | . . . . . 60 124 8 . 243 Regen/Repaired (Parts) 1010 | . 86 . . . 215 410 . 299 . Core Remaining (%) 53 | 100 . . . 31 . . . 28 . Volleys Fired 438 | 12 78 24 . 2 140 105 8 . 69 Largest 2 | 2 2 2 . 2 2 2 2 . 2 Hottest 100 | 70 70 70 . 80 100 50 50 . 86 Shots Fired 817 | 24 135 45 . 4 262 197 16 . 134 Gun 769 | 24 118 42 . 2 239 197 16 . 131 Cannon 24 | . 17 . . 2 5 . . . . Launcher 8 | . . 3 . . 2 . . . 3 Special 16 | . . . . . 16 . . . . Kinetic 700 | 12 82 40 . 2 239 197 16 . 112 Thermal 103 | 12 49 . . 2 21 . . . 19 Explosive 8 | . . 3 . . 2 . . . 3 Electromagnetic 6 | . 4 2 . . . . . . . Robot Hit Streak 21 | 10 18 17 . 6 16 21 16 . 14 Robot Miss Streak 8 | 1 4 2 . . 8 4 1 . 4 Penetration Max 1 | . . . . . 1 . . . . Secondary Targets 6 | . 1 . . . 2 2 . . 1 Max Gunslinging Chain 1 | . 1 . . . 1 1 . . 1 Shots Hit Robots 548 | 17 83 35 . 4 157 142 13 . 97 Core Hits 276 | 7 37 18 . 3 71 51 5 . 84 Critical Kills 1 | . . . . . . . . . 1 Critical Parts Destroyed 16 | . 1 . . . 2 7 1 . 5 Critical Strikes 24 | 2 3 . . . 2 8 1 . 8 Burn 6 | 2 2 . . . . . . . 2 Destroy 17 | . 1 . . . 2 7 1 . 6 Smash 1 | . . . . . . 1 . . . Melee Attacks 33 | . . . . . 13 9 1 . 10 Impact 33 | . . . . . 13 9 1 . 10 Slashing . | . . . . . . . . . . Piercing . | . . . . . . . . . . Sneak Attacks 1 | . . . . . . 1 . . . Combat Hostiles . | . . . . . . . . . . Follow-up Attacks . | . . . . . . . . . . Damage Inflicted 11082 | 224 1031 482 . 50 3355 2696 291 . 2953 Guns 8829 | 224 818 317 . 16 3079 2534 272 . 1569 Cannons 278 | . 209 . . 34 35 . . . . Explosions 1846 | . . 165 . . 241 56 . . 1384 Melee 106 | . . . . . . 106 . . . Ramming 23 | . 4 . . . . . 19 . . Kinetic 8105 | 112 502 297 . 16 3079 2534 272 . 1293 Thermal 964 | 112 507 . . 34 35 . . . 276 Explosive 1085 | . . 165 . . 241 56 . . 623 Electromagnetic 799 | . 18 20 . . . . . . 761 Impact 106 | . . . . . . 106 . . . Slashing . | . . . . . . . . . . Piercing . | . . . . . . . . . . Highest Corruption 9 | . . . . . 7 7 9 . 5 Average Corruption 6 | . . . . . 6 7 8 . 2 Corruption Purged . | . . . . . . . . . . Corruption Blocked . | . . . . . . . . . . Effects 178 | . . . . . 41 90 28 . 19 Message Errors 33 | . . . . . 6 14 9 . 4 Matter Fused 38 | . . . . . 6 20 8 . 4 Heat Flow Errors 28 | . . . . . 9 12 4 . 3 Energy Discharges 15 | . . . . . 5 7 1 . 2 Parts Rejected 2 | . . . . . . 2 . . . Parts Fused 6 | . . . . . 2 3 1 . . Data Loss (minor) 33 | . . . . . 8 18 5 . 2 Data Loss (major) 10 | . . . . . 2 5 . . 3 Misfires 3 | . . . . . 1 2 . . . Alerts 4 | . . . . . 1 3 . . . Weapon Failures 6 | . . . . . 1 4 . . 1 Overload Shots . | . . . . . . . . . . Overflow Damage 62 | . . 20 . . 2 34 . . 6 Projectiles . | . . . . . . . . . . Explosions 28 | . . 20 . . 2 . . . 6 Melee 34 | . . . . . . 34 . . . Knockbacks . | . . . . . . . . . . Impact . | . . . . . . . . . . Kinetic . | . . . . . . . . . . Secondary . | . . . . . . . . . . Self-Inflicted Damage 228 | . . . . . . 106 9 . 113 Shots 6 | . . . . . . 2 . . 4 Rammed 6 | . 4 . . . . . 2 . . Targets Rammed 7 | . 5 . . . . . 2 . . Kicked . | . . . . . . . . . . Crushed 1 | . 1 . . . . . . . . Highest Temperature 341 | 81 210 90 . 60 272 303 221 . 341 Average Temperature 62 | 34 48 25 . 34 53 72 79 . 110 Received Heat Transfer 2178 | . 225 168 . . 981 657 18 . 129 Effects 2 | . 1 . . . . 1 . . . Energy Bleed 1 | . . . . . . 1 . . . Interference 1 | . 1 . . . . . . . . Siege Activations . | . . . . . . . . . . Robots Corrupted 3 | . . . . . . . . . 3 Combat Hostiles 3 | . . . . . . . . . 3 Parts Fried 7 | . . . . . . 3 . . 4 Impact Corruptions 1 | . . . . . . 1 . . . Robots Melted . | . . . . . . . . . . Combat Hostiles . | . . . . . . . . . . Parts Melted 6 | 2 1 . . 1 . . . . 2 Heat Transferred 2849 | 481 1480 . . 74 74 . . . 740 Parts Sabotaged 2 | . . . . . . . . . 2 Parts Stolen . | . . . . . . . . . . Parts Stripped . | . . . . . . . . . . Power Chain Reactions . | . . . . . . . . . . Alert | -11 -10 -10 -10 -9 -8 -8 -8 -8 -6 ------- Run | Yrd Mat Min Exi Min Mat Sto Rec Scr Fac Peak Influence 503 | 30 163 152 . 10 325 503 198 . 360 Initial 187 | . 19 40 . . 3 111 187 . . Average 132 | 14 65 86 . 8 188 193 89 . 69 Maximum Alert Level 2 | . . . . . 1 2 . . 1 Low Security (%) 75 | 100 100 100 . 100 48 61 100 . 96 Level 1 19 | . . . . . 51 19 . . 3 Level 2 4 | . . . . . . 19 . . . Level 3 . | . . . . . . . . . . Level 4 . | . . . . . . . . . . Level 5 . | . . . . . . . . . . High Security . | . . . . . . . . . . Max Security . | . . . . . . . . . . Squads Dispatched 18 | . 2 . . . 6 5 . . 5 Investigation . | . . . . . . . . . . Extermination 2 | . . . . . . . . . 2 Reinforcement 8 | . 2 . . . 3 1 . . 2 Assault 2 | . . . . . . 1 . . 1 Garrison 6 | . . . . . 3 3 . . . Intercept . | . . . . . . . . . . Searches Triggered . | . . . . . . . . . . Construction Impeded 3 | . . . . . 2 . . . 1 Haulers Reinforced 1 | . . . . . . . . . 1 Active Scanning Responses . | . . . . . . . . . . Cargo Convoy Interrupts . | . . . . . . . . . . Stealth | -11 -10 -10 -10 -9 -8 -8 -8 -8 -6 --------- Run | Yrd Mat Min Exi Min Mat Sto Rec Scr Fac Distress Signals 13 | . . . . . 5 5 1 . 2 Communications Jammed 38 | . . . . . . . . . 38 Distress Signals 38 | . . . . . . . . . 38 Times Spotted 164 | . 27 5 . . 53 42 2 . 35 Peak Tracking Total 11 | . 4 3 . . 7 7 1 . 11 Tactical Retreats 13 | . 4 . . . 4 4 . . 1 Traps | -11 -10 -10 -10 -9 -8 -8 -8 -8 -6 ------- Run | Yrd Mat Min Exi Min Mat Sto Rec Scr Fac Traps Triggered 11 | . 4 . . . 5 . . . 2 Indirectly . | . . . . . . . . . . Trap Hack Attempts . | . . . . . . . . . . Triggered . | . . . . . . . . . . Disarmed . | . . . . . . . . . . Reprogrammed . | . . . . . . . . . . Reused . | . . . . . . . . . . Traps Extracted . | . . . . . . . . . . Installed . | . . . . . . . . . . Triggered . | . . . . . . . . . . Machines | -11 -10 -10 -10 -9 -8 -8 -8 -8 -6 ---------- Run | Yrd Mat Min Exi Min Mat Sto Rec Scr Fac Machines Disabled 17 | . . . . . 5 4 . . 8 Max in Single Turn 4 | . . . . . 1 2 . . 4 Garrison Access 3 | . . . . . 1 1 . . 1 Machines Repaired . | . . . . . . . . . . Machines Dismantled . | . . . . . . . . . . Machines Sabotaged . | . . . . . . . . . . Overloaded Fab Kills . | . . . . . . . . . . Hacking | -11 -10 -10 -10 -9 -8 -8 -8 -8 -6 --------- Run | Yrd Mat Min Exi Min Mat Sto Rec Scr Fac Machines Accessed 34 | . 6 . 2 . 8 9 7 . 2 Terminals 23 | . 3 . . . 5 7 6 . 2 Fabricators . | . . . . . . . . . . Repair Stations 4 | . 1 . . . 2 1 . . . Recycling Units 3 | . 2 . . . . . 1 . . Scanalyzers . | . . . . . . . . . . Garrison Access 2 | . . . . . 1 1 . . . Total Hacks 103 | . 18 . 2 . 33 33 15 . 2 Successful 55 | . 8 . 2 . 19 18 7 . 1 Failed 47 | . 10 . . . 13 15 8 . 1 Catastrophic 4 | . . . . . 1 1 1 . 1 Database Lockouts 1 | . . . . . 1 . . . . Manual 64 | . 9 . 1 . 20 21 11 . 2 Terminals 69 | . 9 . . . 22 22 14 . 2 Fabricators . | . . . . . . . . . . Repair Stations 21 | . 2 . . . 9 10 . . . Recycling Units 8 | . 7 . . . . . 1 . . Scanalyzers . | . . . . . . . . . . Garrison Access 3 | . . . . . 2 1 . . . Terminal Hacks 10 | . . . 2 . 5 2 1 . . Record 1 | . . . 1 . . . . . . Part Schematic 1 | . . . . . . 1 . . . Robot Analysis 3 | . . . . . 3 . . . . Open Door 1 | . . . . . . 1 . . . Branch Access Points 1 | . . . . . 1 . . . . Alert Level 2 | . . . . . 1 . 1 . . Derelict Proto ID Bank 1 | . . . 1 . . . . . . Fabricator Hacks . | . . . . . . . . . . Repair Station Hacks 16 | . 2 . . . 7 7 . . . Scan Component 9 | . 1 . . . 4 4 . . . Repair 7 | . 1 . . . 3 3 . . . Recycling Unit Hacks 3 | . 2 . . . . . 1 . . Retrieve Matter 1 | . 1 . . . . . . . . Retrieve Components 2 | . 1 . . . . . 1 . . Scanalyzer . | . . . . . . . . . . Garrison Access Hacks 2 | . . . . . 1 1 . . . Seal Access 2 | . . . . . 1 1 . . . Unauthorized Hacks 24 | . 4 . . . 6 8 5 . 1 Terminals 24 | . 4 . . . 6 8 5 . 1 Assimilate 1 | . . . . . . 1 . . . Botnet 6 | . 1 . . . 1 2 1 . 1 Skim 17 | . 3 . . . 5 5 4 . . Fabricators . | . . . . . . . . . . Repair Stations . | . . . . . . . . . . Recycling Units . | . . . . . . . . . . Scanalyzers . | . . . . . . . . . . Garrison Access . | . . . . . . . . . . Data Cores Recovered . | . . . . . . . . . . Used . | . . . . . . . . . . Hacking Detections 24 | . 5 . . . 5 8 5 . 1 Full Trace Events . | . . . . . . . . . . Feedback Events . | . . . . . . . . . . Feedback Blocked . | . . . . . . . . . . Robot Schematics Acquired . | . . . . . . . . . . Robots Built . | . . . . . . . . . . Authchips . | . . . . . . . . . . Time . | . . . . . . . . . . Total Robot Build Rating . | . . . . . . . . . . Part Schematics Acquired 1 | . . . . . . 1 . . . Parts Built . | . . . . . . . . . . Authchips . | . . . . . . . . . . Time . | . . . . . . . . . . Total Part Build Rating . | . . . . . . . . . . Parts Repaired 7 | . 1 . . . 3 3 . . . Time 278 | . 26 . . . 78 174 . . . Parts Recycled . | . . . . . . . . . . Recycled Matter . | . . . . . . . . . . Retrieved Matter . | . . . . . . . . . . Retrieved Components 3 | . 2 . . . . . 1 . . Parts Scanalyzed . | . . . . . . . . . . Part Schematics Acquired . | . . . . . . . . . . Parts Damaged . | . . . . . . . . . . Bothacking | -11 -10 -10 -10 -9 -8 -8 -8 -8 -6 ------------ Run | Yrd Mat Min Exi Min Mat Sto Rec Scr Fac Used RIF Installer . | . . . . . . . . . . Robots Hacked . | . . . . . . . . . . Non-combat . | . . . . . . . . . . Combat . | . . . . . . . . . . Robot Hacks Applied . | . . . . . . . . . . Relay Couplers Released 2 | . . . . . . . . . 2 Machine Destruction 2 | . . . . . . . . . 2 Fabnet Peak Effective % . | . . . . . . . . . . Robots Rewired 12 | . . . . . . . 12 . . Allies Hacked . | . . . . . . . . . . Hacks Repelled . | . . . . . . . . . . Allies | -11 -10 -10 -10 -9 -8 -8 -8 -8 -6 -------- Run | Yrd Mat Min Exi Min Mat Sto Rec Scr Fac Total Allies 15 | . . . . 2 . 1 12 . . Largest Group 12 | . . . . 2 2 1 12 12 12 Highest-Rated Group 162 | . . . . 48 48 10 162 162 162 Highest-Rated Ally 34 | . . . . 31 31 10 34 34 34 Total Orders 3 | . . . . . . . . . 3 EXPLORE 2 | . . . . . . . . . 2 RETURN 1 | . . . . . . . . . 1 Ally Attacks 53 | . . . . . 18 . 3 . 32 Total Damage 1435 | . . . . . 256 . 22 . 1157 Kills 12 | . . . . . 1 . 1 . 10 Allies Corrupted 2 | . . . . . . . . . 2 Allies Melted . | . . . . . . . . . . Intel | -11 -10 -10 -10 -9 -8 -8 -8 -8 -6 ------- Run | Yrd Mat Min Exi Min Mat Sto Rec Scr Fac Robot Analysis Total 3 | . . . . . 3 . . . . Derelict Logs Recovered . | . . . . . . . . . . Drone Launches 2 | . . . . . . . . . 2 Drone Recoveries . | . . . . . . . . . . Exploration | -11 -10 -10 -10 -9 -8 -8 -8 -8 -6 ------------- Run | Yrd Mat Min Exi Min Mat Sto Rec Scr Fac Turns Passed 14063 | 120 2250 336 348 190 3632 2923 990 1064 2210 Spaces Moved 6484 | 54 990 186 267 154 1719 968 492 714 940 Core 5 | 2 3 . . . . . . . . Treads 242 | . 21 1 . . 1 7 . . 212 Legs . | . . . . . . . . . . Wheels 6237 | 52 966 185 267 154 1718 961 492 714 728 Hover . | . . . . . . . . . . Flight . | . . . . . . . . . . Fastest Speed 50 | 50 80 130 130 110 110 135 140 140 145 Average Speed 148 | 87 109 132 130 113 156 171 140 142 176 Slowest Speed 850 | 100 850 320 130 145 320 320 155 160 320 Overloaded Moves . | . . . . . . . . . . Propulsion Burnouts . | . . . . . . . . . . Robots Hopped . | . . . . . . . . . . Cave-ins Triggered . | . . . . . . . . . . Exploration Rate (%) 57 | 3 89 41 61 50 81 79 88 54 33 Regions Visited 9 Branch Regions 6 Pre-discovered Areas 3 | . . . 1 . 1 1 . . . Known Exits Taken 3 | . . . . . 1 1 . 1 . Unknown Exits Taken 6 | 1 1 1 1 1 . . 1 . . Scrap Searched 5 | . . . . 1 . . . 4 . Spaces Dug 28 | . . . . . 16 4 1 . 7 Terrain Destroyed 87 | . . 14 . . 38 20 1 . 14 Melee 21 | . . . . . 9 4 1 . 7 Projectile 16 | . . . . . 16 . . . . AOE 50 | . . 14 . . 13 16 . . 7 Terrain Rammed . | . . . . . . . . . . Walls Destroyed . | . . . . . . . . . . Machines Disabled . | . . . . . . . . . . Actions | -11 -10 -10 -10 -9 -8 -8 -8 -8 -6 --------- Run | Yrd Mat Min Exi Min Mat Sto Rec Scr Fac Total 10119 | 98 1998 234 268 168 2351 2069 780 771 1382 Wait 2415 | 14 854 1 . . 280 853 92 16 305 Move 6475 | 53 989 185 266 153 1718 967 491 713 940 Hop . | . . . . . . . . . . Pick Up 128 | 9 14 5 1 5 48 13 10 10 13 Fast Attach 79 | 7 8 2 . . 27 18 5 6 6 Attach 36 | . 3 2 . 1 11 5 . 3 11 Detach 12 | . . . . . 2 4 1 3 2 Swap 217 | 2 42 10 . 2 65 68 9 4 15 Drop 131 | 1 5 5 1 5 47 27 13 16 11 Fire 438 | 12 78 24 . 2 140 105 8 . 69 Melee 33 | . . . . . 13 9 1 . 10 Ram 2 | . . . . . . . 2 . . Kick . | . . . . . . . . . . Crush 5 | . 5 . . . . . . . . Escape Stasis . | . . . . . . . . . . Rewire 148 | . . . . . . . 148 . . Trap . | . . . . . . . . . . Miscellaneous . | . . . . . . . . . . Route ------- -11/Scrapyard -10/Materials (discovered 6 exits: [*Mat x3] / [*Min x2] / [*Sub]) -10/Mines (discovered 2 exits: [*Mat] / *Exi) -10/Exiles -9/Mines -8/Materials (discovered 5 exits: *Fac x3 / *Sto x2) -8/Storage (discovered 2 exits: Fac / *Rec) -8/Recycling (discovered 2 exits: *Fac / [*Scr]) -8/Scraptown -6/Factory (discovered 4 exits: *Fac x2 / Low x2) History --------- Turn | Location | Event 17 | -11/Scrapyard | Discovered new exit (range 15) 121 | -11/Scrapyard | Entered Materials 310 | -10/Materials | Build established: Mutant 794 | -10/Materials | Discovered new exit (range 8) 888 | -10/Materials | Build established: Scavenger-Mutant 1376 | -10/Materials | Discovered new exit (range 9) 1437 | -10/Materials | Repaired Assault Rifle 1447 | -10/Materials | Discovered new exit (range 12) 1711 | -10/Materials | Build established: Mutant 1862 | -10/Materials | Discovered new exit (range 9) 2005 | -10/Materials | Discovered new exit (range 11) 2024 | -10/Materials | Discovered new exit (range 15) 2371 | -10/Materials | Entered Mines 2386 | -10/Mines | Core integrity fell below 50% 2455 | -10/Mines | Murdered YI-UF0 2465 | -10/Mines | Found Prototype Storage 2465 | -10/Mines | Identified YI-UF0's Bottomless Matter Pit 2468 | -10/Mines | Found Prototype Launcher 2468 | -10/Mines | Identified YI-UF0's Doublenader 2519 | -10/Mines | Deemed a non-threat by the Exiles lab entrance 2519 | -10/Mines | Discovered new exit (range 5) 2554 | -10/Mines | Discovered new exit (range 14) 2707 | -10/Mines | Entered Exiles 2737 | -10/Exiles | Met 8R-AWN 2762 | -10/Exiles | Met EX-HEX 2797 | -10/Exiles | Met EX-BIN 2813 | -10/Exiles | Aligned with FarCom system 2814 | -10/Exiles | Given EX-Vault access code 2844 | -10/Exiles | Opened EX-Vault 2854 | -10/Exiles | Found Modified TNC 2882 | -10/Exiles | Warned to stay clear of 0b10 Research branches 2922 | -10/Exiles | Met EX-DEC 2938 | -10/Exiles | Learned location of Zion (-6) 3044 | -10/Exiles | Discovered new exit (range 10) 3055 | -10/Exiles | Left Exiles lab with Modified TNC 3055 | -10/Exiles | Entered Mines 3219 | -9/Mines | Discovered new exit (range 10) 3245 | -9/Mines | Entered Materials 3245 | -8/Materials | Accompanied by 2 allies 3245 | -8/Materials | Evolved 4 slots: Utility x4 3250 | -8/Materials | Led the pair of lost Derelicts to an unsafe place 3373 | -8/Materials | Discovered new exit (range 16) 3400 | -8/Materials | Garrison activated, responded to threat 3490 | -8/Materials | Discovered new exit (range 11) 4255 | -8/Materials | Lost 7 parts (1p1n4u1w) 4508 | -8/Materials | Build established: Scavenger-Skirmisher 4689 | -8/Materials | Repaired Lgt. Treads 4721 | -8/Materials | Repaired Lgt. Treads? 4776 | -8/Materials | Repaired Lgt. Armor Plating? 4831 | -8/Materials | Build established: Scavenger-Assassin 5451 | -8/Materials | Lost 3 parts (1n2u) 5490 | -8/Materials | Central database locked down 5691 | -8/Materials | Build established: Scavenger-Mutant 6200 | -8/Materials | Discovered new exit (range 15) 6279 | -8/Materials | Discovered new exit (range 14) 6569 | -8/Materials | Learned location of 1 exit from Storage 6610 | -8/Materials | Learned Storage trap positions 6663 | -8/Materials | Learned 4 Recycling zone layouts 6676 | -8/Materials | Learned 8 Factory zone layouts 6677 | -8/Materials | Learned Storage emergency access door positions 6687 | -8/Materials | Learned Factory emergency access door positions 6705 | -8/Materials | Learned Factory repair station intel 6745 | -8/Materials | Identified exit to Storage 6777 | -8/Materials | Build established: Mutant 6877 | -8/Materials | Entered Storage 6878 | -8/Storage | Identified exit to Factory 6879 | -8/Storage | Identified exit to Recycling 6880 | -8/Storage | Loaded intel: 11 trap records 7225 | -8/Storage | Build established: Scavenger-Skirmisher 7793 | -8/Storage | Build established: Scavenger-Mutant 8134 | -8/Storage | Build established: Scavenger-Assassin 8400 | -8/Storage | Core integrity fell below 50% 8538 | -8/Storage | Build established: Mutant 8879 | -8/Storage | Garrison activated, responded to threat 9524 | -8/Storage | Learned 4 Lower Caves zone layouts 9530 | -8/Storage | Repaired Reactive Plating 9551 | -8/Storage | Learned Factory recycling unit intel 9569 | -8/Storage | Learned Factory emergency access door positions 9582 | -8/Storage | Learned Factory terminal intel 9586 | -8/Storage | Learned location of 1 exit from Storage 9590 | -8/Storage | Repaired Enh. Autogun 9600 | -8/Storage | Learned Storage emergency access door positions 9625 | -8/Storage | Learned Recycling recycling unit intel 9668 | -8/Storage | Repaired Broken Enh. Autogun 9677 | -8/Storage | First assault squad dispatched 9794 | -8/Storage | Used back door to open Recycling access 9800 | -8/Storage | Entered Recycling 9801 | -8/Recycling | Identified exit to Factory 9803 | -8/Recycling | Loaded intel: 6 recycling unit locations 9995 | -8/Recycling | Build established: Skirmisher 10699 | -8/Recycling | Scanned before Scraplab entrance 10718 | -8/Recycling | Entered Scraplab 10729 | -8/Recycling | Discovered new exit (range 2) 10771 | -8/Recycling | Build established: Commander-Skirmisher 10790 | -8/Recycling | Entered Scraptown 10790 | -8/Scraptown | Accompanied by 12 allies 10790 | -8/Scraptown | System corruption cleaned by C-Scrubber 11031 | -8/Scraptown | Discovered exit to Factory (range 11) 11136 | -8/Scraptown | Visited The Evicted 11155 | -8/Scraptown | Visited Junk Repository 11200 | -8/Scraptown | Visited SPCMW 11247 | -8/Scraptown | Turned away by UFD registrar 11648 | -8/Scraptown | Visited Cyclists 11669 | -8/Scraptown | Visited CR-KLE's Repair Center 11684 | -8/Scraptown | CR-KLE repaired 6 parts 11854 | -8/Scraptown | Entered Factory 11854 | -6/Factory | Accompanied by 12 allies 11854 | -6/Factory | Evolved 4 slots: Propulsion x2, Utility x2 11855 | -6/Factory | Identified exit to Lower Caves 11856 | -6/Factory | Identified exit to Factory 11858 | -6/Factory | Loaded intel: 26 terminal locations 11859 | -6/Factory | Loaded intel: 6 repair station locations 11860 | -6/Factory | Loaded intel: 6 recycling unit locations 11933 | -6/Factory | Discovered exit to Factory (range 8) 11981 | -6/Factory | Build established: Commander-Mutant 12642 | -6/Factory | Lost 8 allies 12896 | -6/Factory | Build established: Mutant 13500 | -6/Factory | Lost 3 parts (1n1u1w) 13819 | -6/Factory | Build established: Skirmisher 14064 | -6/Factory | Self-destructed Last Messages --------------- 14055_ Unknown Storage fried. 14055_ I-36 Angel distress signal jammed. 14056_ Penetrated by Slug. 14056_ Critical hit (Destroy). 14056_ Enh. Autogun destroyed. 14056_ I-36 Angel distress signal jammed. 14056_ Penetrated by Slug. 14057_ I-36 Angel distress signal jammed. 14058_ H-66 Slayer destroyed. 14058_ I-36 Angel distress signal jammed. 14060_ System corrupted: Component data lost. 14060_ I-36 Angel destroyed. 14060_ H-66 Slayer misfires. 14060_ Slug penetrates Wall. 14060_ Penetrated by Slug. 14060_ Lgt. Treads destroyed. 14061_ Penetrated by Slug. 14061_ Angular Momentum Engine destroyed. 14063_ Slug penetrates Wall. 14063_ Penetrated by Slug. Map ----- +----------------------------------------------------+ | ?????????????????????????????????????????????"?"?? | | ?????????????????????????????????????????????"R"?? | | ???????????????????????????????????????????+?"""?? | | ?????????????????????????????????????????????????? | | ?????????????????????????????????????????????????? | | ?????????????????????????????????????????????????? | | ?????????????????????????????????????????????????? | | ?????????????????????????????????????????????????? | | ?????????????????????????????????????????????????? | | ?????????????????????????????????????????????????? | | ???????????????######????????????????????????????? | | ???????????????# #????????????????????????????? | | ???????????????# "" #????????????????""T""???????? | | ???????????????# "" #????????????????"""""???????? | | ???????######### "T #?????######?????????????????? | | ???????? + "" ###### ####??????????????? | | ??????????# # "" # #??????????????? | | ??????????# # # % #??????????????? | | ??????????# + []# h= #??????????????? | | ??????????# #### [] =%[ #?? ??????????? | | ???######## #??###### * # ??????????? | | #?????# # hx[![% / ????????????? | | ???######## #?????? [%=%% #??????????????? | | ??????????# #???????# = =!= #??????????????? | | ??????????# #???????# / =%= #??????????????? | | ??????????# #???????# @ [ #??????????????? | | ??????????# #???????# h #??????????????? | | ???########+#######################??????????????? | | ???# #?????????????????????????????? | | ???# """"" #?????????????????????????????? | | ???? """"" #?????????????????????????????? | | ???# """ #?????????????????????????????? | | ???# #?????????????????????????????? | | ???# """"" #?????????????????????????????? | | ???+ """"" #?????????????????????????????? | | ???# """ #?????????????????????????????? | | ???# ! #?????????????????????????????? | | ???# #?????????????????????????????? | | ???##############+####???????????????????????????? | | ?????????????# #???? ??????????????????????? | | ?????????????# #???? ??????????????????????? | | ?????????????# ##??? ??"???????????????????? | | ?????????????# #???? ??????????????????????? | | ???# #?# ## ""????????????????????? | | ???#####+##### ## """#??????????????????? | | ? ## """#??????? ?????????? | | ? ## ?###??? ?????????? | | ?"" """ """ """"" ######+###T ###== ????????? | | """ """ """ "" F" =%=! ????????? | | """ """ """ "" "" [** ????????? | +----------------------------------------------------+ Best States ------------- Heat Dissipation 56 Energy Generation 18 Energy Capacity 300 Matter Stores 1425 Matter Capacity 1800 Sight Range 16 Terrain Scan Range 16 Terrain Scan Density 110 Jamming Range 12 Armor Coverage 750 Resistance: KI 20 Resistance: TH 10 Utility Shielding 66 Weapon Shielding 66 Evasion (%) 44 Target Analysis 5 Recoil Reduction 4 Salvage Targeting 2 Authchip Count 1 Item Schematics ----------------- Hrd. Medium Armor Plating | -8/Storage | Hacked Robot Schematics ------------------ None Fabricated ------------ Nothing Alien Tech Used ----------------- None Achievements -------------- None Challenges ------------ None Game ------ Seed AntimissileShockCoupler Manual? 0 Play Time 01:55:11 Cumulative 124.9 hours Start 2024.09.01 @ 17:15:24 End 2024.09.01 @ 20:13:55 Sessions 3 Manual Loads 0 Difficulty Rogue Special Mode None Game No. 80 Rogue 67 Adventurer 13 Explorer 0 Win Type - Total 1 Types 1/0/0/0/0/0/0/0/0 Lore% 43 Gallery% 57 Achievement% 46 Wizard Run 0 Options --------- Layout 2 ASCII 0 Keyboard 1 Movement Numpad Keybinds 0 Fullscreen 2 Font 16/Swanston Map View 55x47 Zoom Use 0% Tactical HUD 1 Map Filters NONE Filters NONE Steam 0 RUN: 2fa52aa5-a443-4188-8df1-5e20f3e1892a